 Dungeon Crawl Stone Soup version 0.30-a0-629-gd54f4be4f7 (webtiles) character file.

Game seed: 9390469258718986166

120 Foolio the Trooper (level 4, -2/37 HPs)
             Began as a Demonspawn Chaos Knight on Dec 29, 2022.
             Was a Plaything of Xom.
             Slain by Natasha (4 damage)
             ... on level 3 of the Dungeon on Jan 12, 2023.
             The game lasted 00:07:39 (1348 turns).

Foolio the Trooper (Demonspawn Chaos Knight)        Turns: 1348, Time: 00:07:39

Health: -2/37      AC:  5    Str: 12    XL:     4   Next: 75%
Magic:  4/4        EV: 15    Int: 13    God:    Xom [*.....]
Gold:   73         SH:  5    Dex: 15    Spells: 3/3 levels left

rFire   . . .      SeeInvis .    a - +0 spear (chaos)
rCold   . . .      Faith    .    (no shield)
rNeg    + . .      Spirit   .    b - +2 leather armour
rPois   .          Reflect  +    (no helmet)
rElec   .          Harm     .    (no cloak)
rCorr   .          Rampage  .    (no gloves)
Will    .....                    (no boots)
Stlth   +                        h - amulet of reflection
HPRegen 0.26/turn                j - ring of positive energy
MPRegen 0.09/turn                (no ring)

@: no status effects
A: repulsion field 2
a: Renounce Religion


You were on level 3 of the Dungeon.
You worshipped Xom.
You were a special plaything of Xom.
You visited 1 branch of the dungeon, and saw 3 of its levels.

You collected 73 gold pieces.

Inventory:

Hand Weapons
 a - a +0 spear of chaos (weapon)
Missiles
 d - 2 throwing nets
Armour
 b - a +2 leather armour (worn)
Jewellery
 h - an amulet of reflection (around neck)
 j - a ring of positive energy (left hand)
Scrolls
 e - a scroll of poison {unknown}
 f - a scroll of torment {unknown}
 g - 2 scrolls of teleportation {unknown}
 i - 5 scrolls of identify {unknown}
 n - a scroll of enchant weapon {unknown}
Potions
 k - a potion of heal wounds {unknown}
 l - a potion of attraction {unknown}
 m - a potion of invisibility {unknown}
 o - a potion of flight {unknown}
 p - a potion of haste {unknown}
Miscellaneous
 c - a piece from Xom's chessboard (15/15) (quivered)


   Skills:
 * Level 3.9 Fighting
 + Level 3.2 Polearms
 + Level 2.5 Armour
 * Level 2.3 Dodging


You had 3 spell levels left.
You didn't know any spells.
Your spell library contained the following spells:

 Spells                   Type           Power      Damage    Failure   Level
 Cigotuvi's Dreadful Rot  Necr/Pois/Air  0%         N/A       52%         2
 Ozocubu's Armour         Ice            0%         N/A       75%         3
 Olgreb's Toxic Radiance  Pois           0%         N/A       98%         4
 Polar Vortex             Ice            0%         N/A       100%        9


Dungeon Overview and Level Annotations

Branches:
Dungeon (3/15)

Altars:
Kikubaaqudgha

Annotations:
D:3 Natasha


Innate Abilities, Weirdness & Mutations

You are surrounded by a moderate repulsion field. (EV +3)


Message History

You hit the kobold.
The kobold is moving more slowly.
The kobold is severely wounded.
The kobold barely misses you.
A kobold comes into view. It is wielding a +0 club.
You hit the kobold but do no damage.
The kobold is severely wounded.
The kobold completely misses you.
Natasha, Servant of Life and Death comes into view.
She is carrying a wand of light (7).
You catch the helpless kobold completely off-guard!
You hit the kobold.
You kill the kobold!
Natasha casts a spell.
The orc misses you.
You hit the orc. You burn the orc.
You kill the orc!
Natasha zaps a wand.
The bolt of light hits the kobold!!
The kobold dies!
The bolt of light hits you!
* * * LOW HITPOINT WARNING * * *
You see here a +0 whip.
The crimson imp blinks!
Natasha misses you.
Things that are here:
a +0 club; a kobold corpse; the felid corpse of Natasha You closely miss Natasha.
Natasha claws you.
* * * LOW HITPOINT WARNING * * *
You barely miss Natasha.
Natasha mumbles some strange words.
You hit Natasha.
Natasha easily resists.
Natasha is lightly wounded.
Natasha stares at you and mumbles some strange words.
You resist with some effort.
You hit Natasha.
Natasha is moderately wounded.
Natasha claws you.
* * * LOW HITPOINT WARNING * * *
You hit Natasha. You burn Natasha.
Natasha is heavily wounded.
Natasha claws you.
You die...
Xom snickers!

∆ # #....#
....
#.#....##.#..
#.#.........K
#..........
#.....#
###...!#
#....55#
#.#.##h# #
#.##@# #..#)#
∆ # ##.#.#
#.##.#.#
#......#
####.### #.#
#.#
#.##########


You could see Natasha, a crimson imp (summoned) and a white imp (summoned).

Vanquished Creatures
  Natasha (D:3)
  3 gnolls (D:2)
  2 adders (D:2)
  2 dart slugs
  An orc (D:3)
  8 ball pythons
  2 bats (D:1)
  4 endoplasms
  4 giant cockroaches
  2 goblins (D:1)
  2 hobgoblins
  4 jackals (D:1)
  A quokka (D:1)
  3 frilled lizards
  2 kobolds (D:3)
  2 rats (D:1)
43 creatures vanquished.

Vanquished Creatures (others)
  A kobold (D:3)
1 creature vanquished.

Grand Total: 44 creatures vanquished

Notes
Turn   | Place    | Note
-------+----------+-------------------------------------------
     0 | D:1      | Foolio the Demonspawn Chaos Knight began the quest for the
                  | Orb.
     0 | D:1      | Reached XP level 1. HP: 18/18 MP: 1/1
    48 | D:1      | Reached skill level 1 in Dodging
    90 | D:1      | Gained mutation: You are surrounded by a mild repulsion
                  | field. (EV +2) [demonic ancestry]
    90 | D:1      | Reached XP level 2. HP: 24/24 MP: 2/2
   297 | D:1      | XOM: cloud trail
   435 | D:1      | Gained mutation: You are surrounded by a moderate repulsion
                  | field. (EV +3) [demonic ancestry]
   435 | D:1      | Reached XP level 3. HP: 28/29 MP: 3/3
   455 | D:1      | an endoplasm changed into a glowing shapeshifter
   455 | D:1      | Noticed a glowing shapeshifter (glowing shapeshifter)
   455 | D:1      | a glowing shapeshifter changed into a shining eye
   455 | D:1      | Noticed a shining eye (glowing shapeshifter)
   456 | D:1      | XOM: confuse monster(s)
   458 | D:1      | a shining eye changed into a floating eye
   458 | D:1      | Noticed a floating eye (glowing shapeshifter)
   459 | D:1      | a floating eye changed into a salamander
   459 | D:1      | Noticed a salamander (glowing shapeshifter)
   464 | D:1      | a salamander changed into a spriggan
   464 | D:1      | Noticed a spriggan (glowing shapeshifter)
   466 | D:1      | a spriggan changed into a black mamba
   466 | D:1      | Noticed a black mamba (glowing shapeshifter)
   467 | D:1      | XOM: noise
   512 | D:2      | XOM: silly message
   863 | D:2      | Reached XP level 4. HP: 28/36 MP: 4/4
   926 | D:2      | Upgraded the game from 0.30-a0-571-gdf30a72648 to
                  | 0.30-a0-629-gd54f4be4f7
   973 | D:2      | Found an ancient bone altar of Kikubaaqudgha.
   988 | D:2      | Got Sif Muna's Compendium of the Filthy Snowflakes
  1319 | D:3      | Noticed Natasha
  1328 | D:3      | Killed Natasha
  1332 | D:3      | XOM: divination: detect items
  1335 | D:3      | Noticed Natasha
  1347 | D:3      | HP: 1/37 [Natasha (5)]
  1348 | D:3      | Slain by Natasha

Illustrated notes

Levels and vault maps discovered:
D:1:      wander_arrival_chamber, layout_loops_corners, serial_rivers,
          chequers_serial_rivers_micro_a, chequers_serial_rivers_room_b,
          chequers_serial_rivers_room_b, chequers_serial_rivers_marsh,
          chequers_serial_rivers_small_a
D:2:      layout_loops_ring, basic_altar
D:3:      layout_loops_cross, lemuel_doored_altar, kennysheep_minor_cross,
          uniq_natasha, uniq_robin, uniq_sigmund

Skill      XL: |  1  2  3 |
---------------+----------+-----
Dodging        | 1 2 |  2.3
Armour         | 2 |  2.5
Polearms       | 3 |  3.2
Fighting       | |  3.9

Action                   |  1- 3 |  4- 6 || total
-------------------------+-------+-------++-------
Melee: Spear             |   121 |    48 ||   169
 Stab: Sleeping          |     1 |     1 ||     2
       Petrifying        |       |     1 ||     1
Armor: Leather armour    |    29 |     4 ||    33
Dodge: Dodged            |    61 |    22 ||    83
Block: Other             |     1 |     3 ||     4

Table legend: (Time is in decaauts)
 A = Elapsed time spent in this place.
 B = Non-inter-level travel time spent in this place.
 C = Inter-level travel time spent in this place.
 D = Time resting spent in this place.
 E = Time spent auto-exploring this place.
 F = Levels seen in this place.
 G = Mean time per level.
                   A        B        C        D        E       F      G
               +--------+--------+--------+--------+--------+-----+--------+
         Total |   1339 |   1262 |     77 |      0 |    938 |   3 |  446.3 |
       Dungeon |   1339 |   1262 |     77 |      0 |    938 |   3 |  446.3 |
               +--------+--------+--------+--------+--------+-----+--------+

Top non-repeatable levels by time:
     D:2: 806 daAuts
     D:1: 466 daAuts
     D:3: 66 daAuts
